Map: Automaton LE

Players

Ziggy

  • Race: Terran Terran
  • Spawn Location: 3:00

Gerald - Winner!

  • Race: Protoss Protoss
  • Spawn Location: 9:00

Event: 2019 WCS Spring

VOD

Have the link to the VOD?

Description

Time

  • Played on: May 17, 2019, 3:04 p.m.
  • Length: 15:08

All games in this series

Show
View Real Time Build Order
Export as new Build Order

Ziggy Terran 

Build Orders: Gas First Reaper Expand, Mech 

Get SALT Encoding   

  12  0:00  SCV  
  13  0:12  SCV  
  14  0:17  Supply Depot  
  14  0:24  SCV  
  15  0:29  Refinery  
  15  0:39  SCV  
  16  0:45  Barracks  
  16  0:51  SCV  
  17  1:03  SCV  
  18  1:15  SCV  
  19  1:32  Reaper, Orbital Command  
  20  1:48  Command Center  
  20  1:59  SCV  
  21  2:04  Factory  
  21  2:07  Barracks Reactor  
  21  2:14  SCV  
  22  2:18  Refinery  
  22  2:25  Supply Depot  
  22  2:26  SCV  
  23  2:46  SCV, Marine x2  
  23  2:48  Widow Mine  
  23  2:50  Starport  
  28  2:58  SCV  
  28  3:03  Orbital Command  
  28  3:04  Marine  
  30  3:08  Marine  
  30  3:12  SCV  
  32  3:17  Factory Tech Lab  
  32  3:24  SCV, Marine  
  32  3:26  Marine  
  35  3:28  Medivac  
  35  3:31  SCV  
  38  3:37  Cyclone  
  38  3:39  SCV  
  42  3:45  Supply Depot  
  42  3:51  Marine  
  42  3:52  Marine  
  42  3:55  SCV x2  
  45  3:57  Supply Depot  
  45  3:59  Starport Tech Lab  
  45  4:02  Refinery  
  45  4:07  SCV  
  45  4:09  Siege Tank  
  49  4:10  SCV  
  49  4:13  Marine  
  49  4:14  Marine  
  52  4:20  SCV  
  52  4:22  SCV  
  54  4:26  Supply Depot  
  54  4:32  SCV, Raven  
  54  4:34  SCV  
  58  4:44  SCV  
  59  4:47  SCV  
  59  4:49  Command Center  
  59  4:52  Siege Tank  
  63  4:56  SCV  
  63  4:59  SCV, Marine x2  
  66  5:06  Supply Depot  
  67  5:07  Refinery  
  67  5:08  SCV  
  67  5:11  Supply Depot  
  68  5:15  SCV  
  68  5:16  Factory  
  69  5:22  SCV  
  69  5:27  Marine  
  69  5:28  Siege Tank  
  74  5:31  SCV  
  74  5:33  Supply Depot  
  75  5:36  SCV  
  76  5:43  SCV  
  76  5:48  SCV  
  76  5:49  Armory, Factory  
  78  5:52  Marine x2  
  78  5:55  SCV  
  81  6:00  Engineering Bay  
  81  6:01  SCV  
  81  6:03  Orbital Command  
  82  6:07  Cyclone  
  82  6:08  Mag-Field Accelerator  
  85  6:12  SCV  
  85  6:17  Supply Depot  
  84  6:26  Cyclone  
  84  6:27  SCV x2  
  89  6:32  Missile Turret  
  89  6:34  Missile Turret  
  89  6:35  Missile Turret  
  89  6:39  Cyclone  
  92  6:43  SCV x2  
  92  6:45  Supply Depot  
  92  6:46  Supply Depot  
  94  6:51  Hellion x2  
  94  6:52  Infernal Pre-Igniter  
  98  6:58  Terran Vehicle And Ship Armor Level 1, Cyclone  
  98  7:00  SCV  
  103  7:01  SCV  
  103  7:02  SCV  
  104  7:13  Factory  
  104  7:14  Factory  
  104  7:16  Hellion x2  
  104  7:18  Cyclone  
  111  7:24  Missile Turret  
  111  7:31  Cyclone  
  114  7:37  Hellion  
  114  7:38  Hellion  
  114  7:39  Supply Depot  
  114  7:41  Supply Depot  
  118  7:50  Cyclone  
  118  7:51  SCV  
  118  7:52  SCV  
  118  7:56  Orbital Command  
  120  7:59  Hellion x2  
  120  8:02  Factory Tech Lab x2  
  120  8:04  Cyclone  
  114  8:15  SCV x2  
  116  8:20  Hellion x2  
  116  8:23  Cyclone  
  116  8:25  SCV  
  116  8:26  Cyclone x2  
  130  8:27  SCV  
  130  8:29  Missile Turret  
  130  8:30  Missile Turret  
  130  8:34  Missile Turret x2  
  131  8:35  Refinery  
  131  8:37  Cyclone, Refinery  
  134  8:44  Supply Depot  
  134  8:46  Supply Depot  
  134  8:55  Cyclone  
  135  8:58  Cyclone  
  135  8:59  Hellion  
  135  9:01  Hellion  
  137  9:03  Cyclone  
  121  9:10  Cyclone  
  119  9:19  Factory  
  119  9:21  Factory  
  119  9:22  Hellion  
  121  9:26  Supply Depot x2  
  121  9:32  Cyclone x2  
  127  9:39  Cyclone  
  129  9:51  Command Center  
  127  9:53  Cyclone  
  127  9:57  Hellion x2  
  132  10:04  Cyclone  
  132  10:06  Cyclone, Factory Tech Lab  
  133  10:11  Cyclone  
  135  10:25  Cyclone x2  
  135  10:27  Hellion x2  
  130  10:36  Cyclone  
  130  10:39  Terran Vehicle And Ship Armor Level 2  
  130  10:41  Armory  
  133  10:44  Hellion x3  
  139  10:59  Cyclone  
  139  11:00  Cyclone  
  139  11:03  Hellion  
  139  11:05  Cyclone x2  
  140  11:12  Cyclone  
  141  11:23  Hellion x2  
  145  11:31  Cyclone  
  145  11:32  Cyclone  
  151  11:37  Cyclone  
  131  11:41  Cyclone  
  131  11:44  Hellion x2  
  125  11:50  SCV x3  
  128  11:54  Planetary Fortress  
  128  12:00  Cyclone  
  131  12:07  Cyclone x2  
  132  12:10  Cyclone  
  133  12:19  Siege Tank  
  133  12:20  Orbital Command  
  133  12:21  Hellion x2  
  119  12:32  Cyclone  
  119  12:35  SCV  
  119  12:36  SCV x2  
  121  12:37  Hellion  
  121  12:39  Hellion  
  120  12:48  SCV x3  
  120  12:49  SCV  
  120  12:51  Drilling Claws  
  124  12:52  Widow Mine x2  
  128  13:00  SCV x2  
  128  13:01  Widow Mine x4  
  138  13:11  Terran Vehicle Weapons Level 1  
  138  13:13  SCV x2, Refinery  
  138  13:14  Refinery  
  140  13:25  Cyclone  
  140  13:26  Cyclone  
  143  13:28  SCV, Hellion x3  
  137  13:42  Cyclone x2  
  137  13:46  Cyclone  
  127  13:49  Hellion x3  
  117  13:58  Hellion  
  117  13:59  Hellion  
  112  14:10  Starport Reactor  
  112  14:13  SCV x4  
  112  14:14  Cyclone x2  
  122  14:19  Hellion  
  124  14:25  SCV x2  
  124  14:26  Cyclone  
  124  14:29  SCV, Cyclone  
  127  14:33  SCV  
  127  14:37  SCV  
  115  14:50  SCV  
  115  14:51  SCV  
Show
View Real Time Build Order
Export as new Build Order

Gerald Protoss - Winner!

Build Orders: 1 Gate Expand, Blink Stalkers 

Get SALT Encoding   

  12  0:00  Probe  
  13  0:12  Probe  
  14  0:18  Pylon  
  14  0:23  Probe  
  15  0:32  Probe  
  15  0:39  Gateway  
  15  0:41  Probe  
  16  0:47  Assimilator  
  17  0:53  Probe  
  19  1:17  Nexus  
  18  1:20  Probe  
  19  1:34  Cybernetics Core  
  19  1:36  Probe  
  19  1:39  Assimilator  
  20  1:48  Probe  
  20  1:50  Pylon  
  21  2:00  Probe, Adept  
  22  2:13  Probe  
  25  2:17  Warp Gate  
  25  2:21  Adept  
  24  2:25  Probe  
  24  2:29  Probe  
  28  2:37  Probe  
  28  2:39  Twilight Council  
  28  2:41  Probe  
  30  2:49  Probe  
  30  2:50  Stalker  
  32  2:59  Probe  
  32  3:01  Probe  
  34  3:08  Blink  
  34  3:11  Probe  
  35  3:14  Probe  
  36  3:23  Probe  
  35  3:28  Gateway  
  35  3:29  Gateway  
  35  3:30  Probe  
  36  3:35  Probe  
  36  3:38  Pylon  
  37  3:42  Probe  
  37  3:47  Probe  
  39  3:54  Probe, Robotics Facility  
  40  3:59  Probe  
  41  4:03  Assimilator  
  41  4:05  Assimilator  
  41  4:06  Probe  
  41  4:07  Stalker  
  44  4:11  Probe  
  44  4:12  Pylon  
  45  4:19  Probe  
  45  4:23  Probe  
  47  4:24  Stalker  
  47  4:29  Stalker  
  47  4:31  Probe  
  52  4:36  Probe  
  52  4:38  Observer  
  52  4:43  Probe  
  54  4:48  Stalker x2, Probe  
  59  4:55  Probe  
  59  4:56  Robotics Bay  
  60  5:00  Probe  
  60  5:01  Pylon  
  61  5:07  Probe  
  62  5:18  Pylon  
  62  5:20  Observer, Forge  
  64  5:23  Charge, Pylon  
  63  5:36  Nexus  
  63  5:39  Probe x2  
  63  5:40  Observer  
  63  5:45  Stalker  
  63  5:46  Stalker  
  63  5:47  Stalker  
  63  5:48  Protoss Ground Weapons Level 1  
  69  5:52  Observer, Probe  
  69  5:53  Probe  
  71  5:57  Disruptor  
  74  6:14  Probe  
  74  6:16  Probe  
  76  6:24  Gateway x2  
  76  6:26  Probe, Pylon  
  76  6:28  Probe  
  78  6:33  Disruptor  
  78  6:38  Probe  
  81  6:40  Probe  
  81  6:44  Zealot  
  81  6:45  Zealot x2  
  88  6:47  Templar Archives  
  88  6:50  Probe  
  88  6:51  Probe, Pylon  
  88  6:52  Probe  
  91  6:55  Gateway  
  91  7:00  Gateway  
  91  7:02  Probe, Gateway  
  91  7:06  Probe, Pylon  
  93  7:13  Disruptor  
  93  7:14  Psionic Storm, Probe  
  97  7:23  Probe  
  97  7:25  High Templar x3  
  103  7:31  Assimilator  
  103  7:33  Zealot  
  103  7:35  Assimilator, Pylon  
  105  7:38  Photon Cannon, Shield Battery  
  105  7:41  High Templar, Probe  
  108  7:47  Probe  
  108  7:51  Pylon  
  109  7:53  Protoss Ground Armor Level 1, Pylon  
  109  7:54  Immortal  
  109  7:58  Zealot x6  
  115  7:59  Probe  
  118  8:17  Stalker x2  
  122  8:20  Pylon  
  122  8:23  Pylon  
  122  8:27  Photon Cannon  
  122  8:31  Photon Cannon  
  122  8:32  Stalker x3  
  128  8:35  Pylon  
  128  8:40  High Templar  
  128  8:41  Zealot x2, High Templar  
  123  9:13  Stalker x2, Probe  
  123  9:14  Stalker x6  
  123  9:15  Nexus  
  140  9:18  Warp Prism  
  142  9:40  Probe  
  143  9:46  Immortal  
  143  9:50  Probe  
  145  9:52  Probe  
  145  9:59  Stargate  
  147  10:01  Stargate  
  139  10:17  Probe  
  140  10:25  Disruptor  
  140  10:27  Protoss Ground Weapons Level 2  
  131  10:31  Zealot x8  
  145  10:39  Probe  
  145  10:42  Robotics Facility  
  146  10:45  Probe  
  146  10:46  Fleet Beacon  
  147  10:52  Stalker  
  147  10:53  Stalker x2, Zealot  
  147  10:54  Zealot x2  
  155  10:59  Probe  
  155  11:00  Probe  
  155  11:03  Assimilator  
  154  11:07  Assimilator  
  150  11:16  Probe  
  150  11:17  Probe, Disruptor  
  152  11:18  Disruptor  
  152  11:21  Photon Cannon, Probe x2, Shield Battery  
  152  11:24  Zealot x2  
  152  11:25  Zealot x5  
  170  11:34  Tempest  
  170  11:35  Tempest  
  170  11:39  Archon  
  166  11:40  Archon  
  166  11:46  Mothership  
  184  11:50  Probe  
  185  11:54  Photon Cannon  
  185  11:56  Photon Cannon  
  185  12:04  Pylon x2  
  185  12:06  Nexus  
  175  12:09  Disruptor  
  173  12:16  Pylon  
  167  12:25  Tempest x2  
  167  12:27  Probe  
  176  12:31  Disruptor  
  176  12:35  Disruptor  
  176  12:36  High Templar x3  
  158  12:37  Zealot x5  
  158  12:39  Probe  
  157  12:53  Probe  
  158  12:58  High Templar, Pylon  
  158  12:59  Zealot x4  
  168  13:12  Probe  
  169  13:13  Zealot x3, Tempest x2  
  169  13:16  Probe  
  169  13:17  Probe  
  187  13:20  Zealot x2  
  187  13:21  Zealot  
  187  13:23  Stalker  
  165  13:51  Archon  
  165  13:52  Immortal x2  
  165  13:55  Archon  
  151  13:58  Probe  
  151  14:00  Stalker x3  
  151  14:01  Stalker x5  
  174  14:07  Probe  
  174  14:09  Probe x2  
  170  14:11  Probe  
  170  14:14  Photon Cannon  
  170  14:15  Shield Battery  
  165  14:34  Zealot x5  
  165  14:35  Zealot x3  
  176  14:52  Probe  
Tags
 
Add a new tag
Caveats
  • Supply blocks, unpowered buildings, or Contaminate may cause inaccurate times.
  • Supply counts are checked every 10 seconds.